 Dungeon Crawl Stone Soup version 0.31.0-7-gf635a9b802 (webtiles) character file.

Game seed: 6566314885794991043

86 Adrian566 the Slasher (level 4, 0/33 HPs)
             Began as a Demonspawn Gladiator on Jan 23, 2024.
             Slain by a hornet (11 damage)
             ... on level 6 of the Dungeon.
             The game lasted 00:01:18 (1322 turns).

Adrian566 the Slasher (Demonspawn Gladiator)        Turns: 1322, Time: 00:01:19

Health: 0/33       AC:  5    Str: 12    XL:     4   Next: 27%
Magic:  4/4        EV: 12    Int:  9    God:
Gold:   119        SH:  4    Dex: 16    Spells: 3/3 levels left

rFire   . . .        a - +0 long sword
rCold   . . .        (no shield)
rNeg    . . .        b - +0 leather armour
rPois   .            c - +0 helmet
rElec   .            (no cloak)
rCorr   .            (no gloves)
SInv    .            (no boots)
Will    .....        (no amulet)
Stlth   ++           (no ring)
HPRegen 0.25/turn    (no ring)
MPRegen 0.09/turn

%: no passive effects
@: lethally poisoned (0 -> -6), slowed, very slow
A: condensation shield, demonic touch 2, shaggy fur 1, weak 1
a: no special abilities


You were on level 6 of the Dungeon.
You visited 1 branch of the dungeon, and saw 4 of its levels.

You collected 119 gold pieces.

Inventory:

Hand Weapons
 a - a +0 long sword (weapon)
Missiles
 d - 3 throwing nets (quivered)
 e - a javelin
Armour
 b - a +0 leather armour (worn)
 c - a +0 helmet (worn)
Scrolls
 f - a scroll of fog {unknown}
 h - a scroll of enchant weapon {unknown}
 i - a scroll of amnesia {unknown}
 j - a scroll of acquirement {unknown}
 l - a scroll of identify {unknown}
Potions
 k - a potion of curing {unknown}


   Skills:
 * Level 2.2 Fighting
 + Level 3.6 Long Blades
 + Level 1.9 Throwing
 + Level 0.8 Armour
 + Level 3.0 Dodging
 + Level 1.7 Stealth


You had 3 spell levels left.
You didn't know any spells.
Your spell library contained the following spells:

 Spells                   Type           Power      Damage    Failure   Level
 Call Canine Familiar     Summ           0%         N/A       83%         3
 Sigil of Binding         Hex            0%         N/A       83%         3
 Dimensional Bullseye     Hex/Tloc       0%         N/A       99%         4


Dungeon Overview and Level Annotations

Branches:
Dungeon (3/15)

Altars:

Shops:
D:1 *


Innate Abilities, Weirdness & Mutations

A meltable shield of frost defends you. (SH +4)
Your touch may inflict irresistible damage on your foes.
You are covered in fur. (AC +1)
You are weak. (Str -2)


Message History

The hound barks!
A hornet comes into view.
You hit the hound.
The hound is lightly wounded.
The hound misses you.
You barely miss the hound.
The hound is lightly wounded.
The hound barely misses you. x2
You barely miss the hound. Your punch misses the hound.
The hound is lightly wounded.
The hornet stings you but does no damage.
The hound barely misses you. The hound bites you.
You block the hornet's attack.
You slash the hound!
The hound is severely wounded.
The hornet closely misses you. The hound bites you.
The hound barely misses you. The hornet completely misses you.
You closely miss the hound.
You touch the hound.
You kill the hound!
You block the hornet's attack. The hornet barely misses you.
Your Stealth skill increases to level 1!
You have reached level 4!
You feel clever.
Your demonic ancestry asserts itself...
Your hands glow brighter with unholy energy.
It was a potion of mutation.
You feel extremely strange.
You feel weaker. Fur sprouts all over your body.
The hornet stings you but does no damage.
The hornet stings you.
You feel yourself slow down.
You hit the hornet.
The hornet is lightly wounded.
The hornet closely misses you. The hornet stings you!
You are poisoned.
You feel as though you will be slow longer.
You slash the hornet!
You touch the hornet!
The hornet is severely wounded.
You feel very sick. The hornet stings you.
You feel as though you will be slow longer.
The hornet stings you!
You die...

# #.##### ###.#
#.....#+#......
#####..@......#
#...y......
#.######### #.#
... .... #....
#..!


You could see a hornet.

Vanquished Creatures
  A hound (D:6)
  5 dart slugs
  A ribbon worm (D:2)
  6 bats
  6 endoplasms
  5 goblins
  5 hobgoblins
  A kobold (D:1)
  3 quokkas (D:2)
  A ball python (D:2)
  3 frilled lizards
  3 rats
40 creatures vanquished.

Notes
Turn   | Place    | Note
-------+----------+-------------------------------------------
     0 | D:1      | Adrian566 the Demonspawn Gladiator began the quest for the
                  | Orb.
     0 | D:1      | Reached XP level 1. HP: 16/16 MP: 1/1
   174 | D:1      | Gained mutation: Your touch may inflict minor irresistible
                  | damage on your foes. [demonic ancestry]
   174 | D:1      | Reached XP level 2. HP: 22/22 MP: 2/2
   185 | D:1      | Found Qougish's Assorted Antiques.
   447 | D:1      | Found a faded altar of an unknown god.
   695 | D:2      | Gained mutation: A meltable shield of frost defends you.
                  | (SH +4) [demonic ancestry]
   695 | D:2      | Reached XP level 3. HP: 24/27 MP: 3/3
  1310 | D:3      | You fall into a shaft and drop 3 floors!
  1313 | D:6      | Noticed a hornet
  1320 | D:6      | Reached skill level 1 in Stealth
  1320 | D:6      | Gained mutation: Your touch may inflict irresistible damage
                  | on your foes. [demonic ancestry]
  1320 | D:6      | Reached XP level 4. HP: 29/33 MP: 4/4
  1320 | D:6      | Gained mutation: You are weak. (Str -2) [potion of
                  | mutation]
  1320 | D:6      | Gained mutation: You are covered in fur. (AC +1) [potion of
                  | mutation]
  1322 | D:6      | Slain by a hornet

Illustrated notes

Levels and vault maps discovered:
D:1:      psy_arrival_conway, layout_basic, serial_shops, shop,
          ebering_ecumenical_altar_mist, hex_large
D:2:      layout_basic, serial_glass, glass_columns_b, glass_columns_c,
          feat_on_display, item_on_display_a, due_unseen_surprise,
          minmay_strange_pillars
D:3:      layout_basic, serial_shops, nicolae_shop_real_fake_doors,
          solitary_fountain, uniq_robin
D:6:      corexii_shack_village, layout_basic, nemelex_dance_club_becter,
          kennysheep_mini, minmay_misc_feat_roman, minmay_quadrilaterals,
          uniq_edmund, uniq_eustachio

Skill      XL: |  1  2  3 |
---------------+----------+-----
Long Blades    | 3 |  3.6
Dodging        | 3 |  3.0
Stealth        | 1 |  1.7
Fighting       | |  2.2
Throwing       | |  1.9
Armour         | |  0.8

Action                     |  1- 3 |  4- 6 || total
---------------------------+-------+-------++-------
  Melee: Long sword        |   105 |     2 ||   107
         Touch             |    11 |     1 ||    12
    Use: Potion            |       |     1 ||     1
   Stab: Sleeping          |     1 |       ||     1
 Armour: Leather armour    |    60 |     5 ||    65
  Dodge: Dodged            |    71 |     1 ||    72
  Block: Other             |    11 |       ||    11
